 Dungeon Crawl Stone Soup version 0.29.1-1-gd02db6906a (webtiles) character file.

Game seed: 12253378345481279463

25 avis the Shooter (level 2, -1/24 HPs)
             Began as a Demigod Hunter on Sept 21, 2022.
             Slain by Natasha (6 damage)
             ... on level 2 of the Dungeon.
             The game lasted 00:05:05 (1384 turns).

avis the Shooter (Demigod Hunter)                   Turns: 1384, Time: 00:05:06

Health: -1/24      AC:  3    Str: 12    XL:     2   Next: 66%
Magic:  4/4        EV: 12    Int: 11    God:
Gold:   73         SH:  0    Dex: 17    Spells: 1/1 levels left

rFire   . . .      SeeInvis .   b - +0 long sword
rCold   . . .      Faith    .   (no shield)
rNeg    . . .      Spirit   .   c - +0 leather armour
rPois   .          Reflect  .   (no helmet)
rElec   .          Harm     .   (no cloak)
rCorr   .          Rampage  .   (no gloves)
Will    .....                   (no boots)
Stlth   ++........              j - amulet of regeneration
HPRegen 0.88/turn               (no ring)
MPRegen 0.09/turn               (no ring)

@: no status effects
A: high MP 1, forlorn, divine attributes
a: no special abilities


You were on level 2 of the Dungeon.
You visited 1 branch of the dungeon, and saw 2 of its levels.

You collected 73 gold pieces.

Inventory:

Hand Weapons
 a - a +0 shortbow
 b - a +0 long sword (weapon)
 i - a +0 quarterstaff
Missiles
 r - 6 silver boomerangs
Armour
 c - a +0 leather armour (worn)
Magical Staves
 n - a staff of death
Jewellery
 j - an amulet of regeneration (around neck)
 q - a ring of protection from cold
Scrolls
 d - a scroll of blinking {unknown}
 e - 2 scrolls of identify {unknown}
 f - 3 scrolls of teleportation {unknown}
 h - 2 scrolls of enchant armour {unknown}
 o - a scroll of immolation
 p - a scroll of enchant weapon {unknown}
Potions
 g - a potion of resistance {unknown}
 k - 2 potions of heal wounds {unknown}
 l - a potion of brilliance {unknown}
 m - a potion of curing {unknown}


   Skills:
 + Level 2.2 Fighting
 * Level 0.2 Long Blades
 + Level 4.2 Ranged Weapons
 - Level 1.7 Dodging
 - Level 0.8 Stealth


You had one spell level left.
You didn't know any spells.
Your spell library contained the following spells:

 Spells                   Type           Power      Damage    Failure   Level
 Static Discharge         Conj/Air       0%         3-3/arc   56%         2
 Lightning Bolt           Conj/Air       0%         1d11      100%        5
 Maxwell's Capacitive Co  Air            0%         ∞         100%        8


Dungeon Overview and Level Annotations

Branches:
Dungeon (2/15)

Annotations:
D:2 Natasha


Innate Abilities, Weirdness & Mutations

You have an increased reservoir of magic. (+10% MP)
You shall have no god before yourself.
Your divine heritage dramatically boosts your attributes as you level up.


Message History

Natasha, Servant of Life and Death comes into view.
Found an ivory wand.
Natasha hisses angrily.
There is an open door here.
Throw: 2 darts (poison)
Press: ? - help, Q - select action, (/) - cycle Shift-Dir - straight line, f - Natasha
Aim: Natasha (53% to hit)
You throw a poisoned dart.
The poisoned dart closely misses Natasha.
Natasha barely misses you.
Throw: dart (poison)
Press: ? - help, Q - select action, (/) - cycle Shift-Dir - straight line, f/p - Natasha
Aim: Natasha (53% to hit)
You throw a poisoned dart. The poisoned dart hits Natasha.
Natasha is poisoned.
Natasha claws you!
Unknown command.
b - a +0 long sword (weapon)
You hit Natasha.
Natasha is moderately wounded.
Natasha barely misses you. Natasha claws you!
You barely miss Natasha.
Natasha is heavily wounded.
Natasha misses you.
You hit Natasha.
Natasha is heavily wounded.
Natasha looks more healthy.
Natasha barely misses you.
Natasha wildly gestures.
Natasha's front paws start to glow.
Natasha claws you.
You barely miss Natasha.
Natasha is heavily wounded.
Natasha closely misses you.
You closely miss Natasha.
Natasha is heavily wounded.
Natasha claws you!
* * * LOW HITPOINT WARNING * * *
You closely miss Natasha.
Natasha is heavily wounded.
Natasha claws you.
You die...

+ #. +./ .# ##...####(#
......h.#.# ### ###@#.# ..#
#.....# #.# #.....# #.#
#.....# #.# #.....# #.#
#.....# #
#####.##########'#.# .#
<................#.####.###
#####.############........#


You could see Natasha.

Vanquished Creatures
  A dart slug (D:1)
  A ball python (D:1)
  2 bats
  3 endoplasms (D:1)
  2 giant cockroaches
  A goblin (D:2)
  3 hobgoblins
  2 quokkas (D:1)
  A frilled lizard (D:1)
  A kobold (D:2)
  4 rats (D:1)
21 creatures vanquished.

Notes
Turn   | Place    | Note
-------+----------+-------------------------------------------
     0 | D:1      | avis the Demigod Hunter began the quest for the Orb.
     0 | D:1      | Reached XP level 1. HP: 17/17 MP: 3/3
   447 | D:1      | Reached skill level 4 in Ranged Weapons
   447 | D:1      | Reached XP level 2. HP: 24/24 MP: 4/4
  1375 | D:2      | Noticed Natasha
  1384 | D:2      | Slain by Natasha

Illustrated notes

Levels and vault maps discovered:
D:1:      saegor_arrival_simple_c, layout_basic, serial_co_window_serial,
          co_window_paths_a, co_window_of_opportunity_a, co_window_paths_b,
          co_window_cross_1, co_window_paths_a, co_window_corner_b,
          co_window_corner_b, co_window_broadway_a, glass_columns_a,
          glass_columns_c, glass_columns_a, glass_columns_a, glass_columns_b,
          hellmonk_ecumenical_altar_lost_god
D:2:      layout_basic, uniq_natasha

Skill      XL: |  1 |
---------------+----+-----
Fighting       | 2 |  2.2
Ranged Weapons | 4 |  4.2
Long Blades    | |  0.2
Dodging        | |  1.7
Stealth        | |  0.8

Action                   || total
-------------------------++-------
Melee: Long sword        ||     6
 Fire: Shortbow          ||    50
Throw: Dart              ||     2
Armor: Leather armour    ||     1
Dodge: Dodged            ||    13
